 Dungeon Crawl Stone Soup version 0.29-a0-284-gf9362112df (webtiles) character file.

Game seed: 12617618377425746541

3847 Oblizorion the Basher (level 9, -7/79 HPs)
             Began as a Minotaur Fighter on Mar 21, 2022.
             Was a Priest of the Shining One.
             Mangled by a two-headed ogre
             ... wielding a +0 giant club
              (24 damage)
             ... on level 7 of the Dungeon.
             The game lasted 01:01:19 (10638 turns).

Oblizorion the Basher (Minotaur Fighter)           Turns: 10638, Time: 01:01:20

Health: -7/79      AC: 24    Str: 24    XL:     9   Next: 98%
Magic:  17/17      EV:  8    Int: 14    God:    the Shining One [***...]
Gold:   424        SH:  5    Dex: 11    Spells: 8/8 levels left

rFire   . . .      SeeInvis .   a - +1 mace (vorpal)
rCold   . . .      Faith    +   h - +0 buckler
rNeg    + . .      Spirit   .   q - +6 plate armour {rF+}
rPois   .          Reflect  .   k - +2 hat
rElec   .          Harm     .   i - +1 cloak
rCorr   .          Rampage  .   (no gloves)
Will    +....                   (no boots)
Stlth   ..........              l - amulet of faith
HPRegen 0.23/turn               m - +6 ring of intelligence
MPRegen 0.15/turn               n - ring of Trepidation {rF- Will+ MP+9 Int+3}

@: marked, glowing, studying Dodging
A: horns 2, retaliatory headbutt
a: Renounce Religion, Divine Shield, Cleansing Flame


You were on level 7 of the Dungeon.
You worshipped the Shining One.
The Shining One was most pleased with you.
You visited 1 branch of the dungeon, and saw 9 of its levels.

You collected 424 gold pieces.

Inventory:

Hand Weapons
 a - a +1 vorpal mace (weapon)
 b - a +0 mace of protection
 c - the +1 great sword of Osicangot {vorpal, Will- Int+7 Dex+3}
   (You found it on level 3 of the Dungeon)

   It inflicts extra damage upon your enemies.
   Int:       It affects your intelligence (+7).
   Dex:       It affects your dexterity (+3).
   Will:      It decreases your willpower.
 d - a +5 scimitar of electrocution
 t - a +0 short sword of venom
 w - a +1 hand axe of venom
 B - a +3 scythe of flaming
 C - a +0 longbow
 M - a +4 great sword
 O - a +2 flail of protection
Missiles
 f - 13 stones (quivered)
 g - 3 poisoned darts
 I - a throwing net
 L - a silver javelin
Armour
 e - a +1 leather armour of positive energy
 h - a +0 buckler (worn)
 i - a +1 cloak (worn)
 k - a +2 hat (worn)
 q - a +6 plate armour of fire resistance (worn)
 s - the +1 ring mail of the Hall of Blades {rElec rC+ MP+9 Int+2}
   (You found it on level 5 of the Dungeon)

   Int:       It affects your intelligence (+2).
   rC:        It protects you from cold.
   rElec:     It insulates you from electricity.
   MP:        It affects your magic capacity (+9).
Magical Staves
 o - a staff of earth
Jewellery
 l - an amulet of faith (around neck)
 m - a +6 ring of intelligence (left hand)
 n - the ring of Trepidation (right hand) {rF- Will+ MP+9 Int+3}
   (You found it on level 4 of the Dungeon)

   [ring of magical power]

   Int:       It affects your intelligence (+3).
   rF:        It makes you vulnerable to fire.
   MP:        It affects your magic capacity (+9).
   Will:      It increases your willpower.
 E - a ring of see invisible
 H - a ring of protection from cold
Wands
 y - a wand of mindburst (8)
Scrolls
 p - 2 scrolls of magic mapping
 r - 4 scrolls of identify
 v - a scroll of teleportation
 F - a scroll of blinking {unknown}
 J - a scroll of fog
 N - a scroll of fear {unknown}
Potions
 j - 2 potions of haste
 x - 2 potions of might
 z - a potion of curing
 D - a potion of mutation {unknown}
 G - a potion of degeneration {unknown}
 K - a potion of invisibility {unknown}
Miscellaneous
 A - a piece from Xom's chessboard (15/15)


   Skills:
 + Level 7.0 Fighting
 + Level 3.7 Long Blades
 + Level 9.9 Maces & Flails
 + Level 3.8 Throwing
 + Level 9.7 Armour
 + Level 3.4 Dodging
 + Level 1.8 Stealth
 + Level 6.5 Shields


You had 8 spell levels left.
You didn't know any spells.
Your spell library contained the following spells:

 Spells                   Type           Power      Damage    Failure   Level
 Shock                    Conj/Air       0%         1d3       99%         1
 Swiftness                Air            0%         N/A       100%        3
 Airstrike                Air            0%         N/A       100%        4
 Dispersal                Tloc           0%         N/A       100%        6
 Disjunction              Tloc           0%         N/A       100%        8


Dungeon Overview and Level Annotations

Branches:
Dungeon (9/15)             Temple (0/1) D:7
   Lair: D:8-11         Orc: D:9-12

Altars:
Nemelex Xobeh
Okawaru
Ru
Trog
Vehumet
Yredelemnul
Zin
The Shining One

Shops:
D:7 *

Annotations:
D:7 exclusion: oklob sapling


Innate Abilities, Weirdness & Mutations

You have a pair of horns on your head.
You reflexively headbutt those who attack you in melee.


Message History

The kobold brigand hits you but does no damage.
The gnoll sergeant hits you from afar with a +0 trident.
You block the gnoll's attack.
You closely miss the bullfrog. Your headbutt misses the bullfrog.
You block the bullfrog's attack. The two-headed ogre closely misses you.
You furiously retaliate!
You headbutt the two-headed ogre, but do no damage.
The two-headed ogre hits you with a +0 giant spiked club!
You block the kobold brigand's attack.
The gnoll sergeant hits you from afar with a +0 trident!
The gnoll closely misses you. The bullfrog barely misses you.
The bullfrog hits you but does no damage.
The gnoll sergeant hits you from afar with a +0 trident.
* * * LOW HITPOINT WARNING * * *
The two-headed ogre hits you with a +0 giant club!!
* * * LOW HITPOINT WARNING * * *
The two-headed ogre barely misses you.
The kobold brigand hits you but does no damage.
The gnoll hits you but does no damage.
You climb upwards.
Level annotation: exclusion: oklob sapling
There is a stone staircase leading down here.
You feel much better.
The bullfrog hits you but does no damage.
The kobold brigand hits you but does no damage.
You closely miss the bullfrog.
You headbutt the bullfrog, but do no damage.
The bullfrog hits you but does no damage.
The two-headed ogre hits you but does no damage.
The two-headed ogre hits you with a +0 giant spiked club!
* * * LOW HITPOINT WARNING * * *
The bullfrog closely misses you.
You closely miss the bullfrog. The kobold brigand barely misses you.
The bullfrog hits you but does no damage.
You closely miss the bullfrog. You headbutt the bullfrog.
The bullfrog is moderately wounded.
You block the bullfrog's attack. You block the kobold brigand's attack.
The two-headed ogre hits you with a +0 giant club!!
You die...

#......##.....#####.###..........
###.......##...###...#........(..
.........####..##....<...........
#........# ##..#.................
#........###...#.#...............
#..........#.....#...............
#..........#...........#.........
.................K..........#####
...............O@F.....##.....##.
................†).....##.##..##.
...#...................##.###.#..
...##...#..................##.#..
...#....#.............######.....
...###..................# #.....
.#.#....................# ##.....
.#......................###......
........^........................


You could see a two-headed ogre, a kobold brigand and a bullfrog.

Vanquished Creatures
  A cyclops (D:6)
  Sigmund (D:6)
  6 yaks
  An orc warrior (D:8)
  2 ice beasts (D:6)
  A centaur (D:5)
  Blork the orc (D:6)
  2 kobold brigands
  2 bullfrogs
  3 necrophages (D:4)
  2 scorpions
  6 wights
  A bullfrog zombie (D:4)
  A centaur zombie (D:4)
  2 jellies
  A hound (D:3)
  Crazy Yiuf (D:2)
  A human zombie (D:4)
  3 orc priests
  A gnoll shaman (D:4)
  10 iguanas
  Terence (D:3)
  3 orc wizards
  Natasha (twice) (D:3)
  2 scorpion zombies (D:4)
  A mummy (D:4)
  5 adders
  11 gnolls
  3 white imps (D:7)
  An ufetubus (D:6)
  2 adder zombies (D:4)
  10 dart slugs
  15 orcs
  8 ball pythons
  4 bats
  8 endoplasms
  4 giant cockroaches
  7 goblins
  15 hobgoblins
  20 kobolds
  7 quokkas
  2 frilled lizards (D:3)
  2 rats
  2 bushes (D:4)
184 creatures vanquished.

Vanquished Creatures (others)
  A fungus (D:2)
1 creature vanquished.

Grand Total: 185 creatures vanquished

Notes
Turn   | Place    | Note
-------+----------+-------------------------------------------
     0 | D:1      | Oblizorion the Minotaur Fighter began the quest for the
                  | Orb.
     0 | D:1      | Reached XP level 1. HP: 19/19 MP: 0/0
   263 | D:1      | Reached XP level 2. HP: 13/26 MP: 1/1
  1216 | D:1      | Reached XP level 3. HP: 32/33 MP: 2/2
  1677 | D:2      | Reached XP level 4. HP: 13/40 MP: 3/3
  2228 | D:2      | Identified the +0 ring mail of Wosif {Drain MP+9 Str+5}
  2508 | D:2      | Found a runed translucent door.
  2509 | D:2      | Noticed Crazy Yiuf
  2519 | D:2      | Killed Crazy Yiuf
  2520 | D:2      | Reached skill level 5 in Armour
  2892 | D:3      | Noticed Terence
  2906 | D:3      | Killed Terence
  3153 | D:3      | Reached XP level 5. HP: 46/46 MP: 4/4
  3628 | D:3      | Reached skill level 1 in Maces & Flails
  3665 | D:3      | Identified the +1 great sword of Osicangot {vorpal, Will-
                  | Int+7 Dex+3}
  3779 | D:3      | Noticed Natasha
  3789 | D:3      | Killed Natasha
  3913 | D:3      | Noticed Natasha
  3923 | D:3      | Killed Natasha
  3924 | D:3      | Reached skill level 1 in Dodging
  4183 | D:4      | Reached XP level 6. HP: 34/52 MP: 5/5
  4330 | D:4      | Identified the ring of Trepidation {rF- Will+ MP+9 Int+3}
  4342 | D:4      | Reached skill level 1 in Throwing
  4567 | D:4      | Found a sparkling altar of Nemelex Xobeh.
  4567 | D:4      | Found a bloodstained altar of Trog.
  4567 | D:4      | Found a glowing golden altar of the Shining One.
  4576 | D:4      | Became a worshipper of the Shining One
  4862 | D:4      | Found a sacrificial altar of Ru.
  4959 | D:4      | Reached skill level 5 in Shields
  4961 | D:4      | Reached XP level 7. HP: 49/60 MP: 6/6
  5219 | D:4      | Reached * piety under the Shining One
  5561 | D:4      | Found a basalt altar of Yredelemnul.
  5565 | D:4      | Reached skill level 1 in Stealth
  5633 | D:4      | Reached ** piety under the Shining One
  5639 | D:4      | Reached skill level 5 in Maces & Flails
  5721 | D:4      | Reached skill level 5 in Fighting
  5787 | D:4      | Found an iron altar of Okawaru.
  5790 | D:4      | Identified a scroll of acquirement
  5790 | D:4      | Acquired a +4 plate armour of fire resistance
  6747 | D:4      | Found a radiant altar of Vehumet.
  6976 | D:5      | Entered Level 5 of the Dungeon
  7065 | D:5      | Reached XP level 8. HP: 50/56 MP: 7/7
  7401 | D:5      | Identified the +1 ring mail of the Hall of Blades {rElec
                  | rC+ MP+9 Int+2}
  7803 | D:6      | Noticed Blork the orc
  7818 | D:6      | Killed Blork the orc
  7929 | D:6      | Found a glowing silver altar of Zin.
  7929 | D:6      | Noticed an angel
  8051 | D:6      | You fall into a shaft and drop 3 floors!
  8105 | D:8      | Noticed a boulder beetle
  8108 | D:8      | Identified the +8 hand axe of Egomania {drain, rF+ Int+2
                  | Stlth+}
  8325 | D:7      | Reached XP level 9. HP: 24/75 MP: 8/8
  9403 | D:6      | Noticed Sigmund
  9410 | D:6      | Killed Sigmund
  9429 | D:6      | Noticed a cyclops
  9438 | D:6      | Killed a cyclops
  9864 | D:7      | Found Woetuvev's Fire Supplies.
  9998 | D:7      | Found a staircase to the Ecumenical Temple.
  9998 | D:7      | Reached *** piety under the Shining One
 10625 | D:8      | Noticed a two-headed ogre
 10633 | D:8      | HP: 3/79 [two-headed ogre/+0 giant club (20)]
 10638 | D:7      | Mangled by a two-headed ogre

Illustrated notes

Levels and vault maps discovered:
D:1:      giann_bridges, layout_basic, minmay_tromino_v4_a
D:2:      layout_basic, uniq_crazy_yiuf_cottage
D:3:      minmay_octagon_keep, layout_basic, uniq_natasha, uniq_terence
D:4:      kennysheep_slugbush, layout_basic, vehumet_crystals, okawaru_trees_2,
          lemuel_mausoleum_altar_yredelemnul, lemuel_tele_altar,
          gammafunk_temple_overflow_forgotten, minmay_manual_monstrance
D:5:      layout_loops_cross
D:6:      layout_basic, zin_angel, hellmonk_bongcloud_opening,
          minmay_small_thing, uniq_blork_the_orc, uniq_sigmund
D:7:      layout_cave_pools, minmay_temple_entry_oklob, nicolae_shop_fire_sale
          [nicolae_sub_dead_trees]
D:8:      layout_cave_pools, lemuel_round_altar, fedhas_altar_decomposition
D:9:      kennysheep_town

Skill      XL: |  1  2  3  4  5  6  7  8  9 |
---------------+----------------------------+-----
Armour         | 4 5 6 7 9 |  9.7
Shields        | 4 5 6 |  6.5
Long Blades    | 3 |  3.7
Fighting       | 4 5 7 |  7.0
Maces & Flails | 2 3 5 7 9 |  9.9
Dodging        | 1 2 3 |  3.4
Throwing       | 1 2 3 |  3.8
Stealth        | 1 |  1.8

Action                   |  1- 3 |  4- 6 |  7- 9 || total
-------------------------+-------+-------+-------++-------
Melee: Long sword        |    60 |    14 |       ||    74
       Headbutt          |     9 |    53 |    68 ||   130
       Mace              |       |   188 |   252 ||   440
       Great sword       |       |     9 |       ||     9
Throw: Dart              |       |    10 |     7 ||    17
       Stone             |       |    58 |    39 ||    97
       Throwing net      |       |     2 |       ||     2
       Boomerang         |       |       |     2 ||     2
       Javelin           |       |       |     7 ||     7
  Use: Potion            |     2 |     1 |     3 ||     6
       Scroll            |     3 |     2 |     8 ||    13
 Stab: Held in net/web   |       |     1 |       ||     1
Armor: Scale mail        |    23 |     6 |       ||    29
       Ring mail         |       |    61 |    17 ||    78
       Plate armour      |       |       |   158 ||   158
Dodge: Dodged            |    30 |    77 |   108 ||   215
Block: Buckler           |    10 |    29 |    62 ||   101

Table legend: (Time is in decaauts)
 A = Elapsed time spent in this place.
 B = Non-inter-level travel time spent in this place.
 C = Inter-level travel time spent in this place.
 D = Time resting spent in this place.
 E = Time spent auto-exploring this place.
 F = Levels seen in this place.
 G = Mean time per level.
                   A        B        C        D        E       F      G
               +--------+--------+--------+--------+--------+-----+--------+
         Total |  10779 |  10668 |    111 |   4523 |   2142 |   9 | 1197.7 |
       Dungeon |  10779 |  10668 |    111 |   4523 |   2142 |   9 | 1197.7 |
               +--------+--------+--------+--------+--------+-----+--------+

Top non-repeatable levels by time:
     D:4: 2750 daAuts
     D:7: 1591 daAuts
     D:1: 1556 daAuts
     D:3: 1447 daAuts
     D:2: 1338 daAuts
     D:6: 1051 daAuts
     D:5: 830 daAuts
     D:8: 210 daAuts
     D:9: 2 daAuts
